| TOP OF THE 1ST |
|
Augusta GreenJackets batting - Pitching for West Virginia Power : RHP Eddie Aguirre
|
|
Pitching: RHP Eddie Aguirre
|
|
|
Batting: SHB Zack Barton
|
0-0: Called Strike 0-1: Fly out, F9 (Line Drive, 9LS, EV 108.1 MPH)
|
|
Batting: RHB Armando Ramirez
|
0-0: Swinging Strike 0-1: SINGLE (Line Drive, 34D, EV 95.6 MPH)
|
|
Batting: LHB Oscar Tamayo
|
0-0: Ball 1-0: Ball 2-0: Swinging Strike 2-1: Foul Ball, location: 2F 2-2: 2-RUN HOME RUN (Flyball, 8RXD, EV 109.4 MPH), Distance : 430 ft
|
|
Batting: SHB Louie Horne
|
0-0: Called Strike 0-1: Ball 1-1: Foul Ball, location: 2F 1-2: Ball 2-2: Ball 3-2: Hit by Pitch
|
|
Batting: LHB Bruce Arvizu
|
0-0: SINGLE (Groundball, 34D, EV 105.6 MPH) (infield hit) Louie Horne to second
|
|
Batting: RHB Antonio Lara
|
0-0: Ball 1-0: Ball 2-0: Swinging Strike 2-1: SINGLE (Line Drive, 89S, EV 99.4 MPH) Louie Horne to third Bruce Arvizu to second
|
|
Batting: LHB Gil Caraveo
|
0-0: Ball 1-0: Called Strike 1-1: Ball 2-1: Foul Ball, location: 2F 2-2: Strikes out swinging
|
|
Batting: RHB Gary Sampson
|
0-0: Ball 1-0: Foul Ball, location: 2F 1-1: Swinging Strike 1-2: Ball 2-2: Ball 3-2: Ground out 5-3 (Groundball, 56, EV 84.4 MPH)
|
| Top of the 1st over - 2 runs, 4 hits, 0 errors, 3 left on base; Augusta 2 - West Virginia 0 |
| BOTTOM OF THE 1ST |
|
West Virginia Power batting - Pitching for Augusta GreenJackets : LHP Kevin Drew
|
|
Pitching: LHP Kevin Drew
|
|
|
Batting: RHB Alex Arzate
|
0-0: Ball 1-0: Called Strike 1-1: Fly out, F8 (Flyball, 8LM, EV 91.2 MPH)
|
|
Batting: RHB Hidesuke Yoshida
|
0-0: Ball 1-0: SINGLE (Groundball, 34D, EV 95.0 MPH)
|
|
Batting: RHB Rusty Trader
|
0-0: Called Strike 0-1: Ball 1-1: Foul Ball, location: 2F 1-2: Ball 2-2: Foul Ball, location: 2F 2-2: SINGLE (Groundball, 4MD, EV 104.4 MPH) (infield hit) Hidesuke Yoshida to second
|
|
Batting: SHB Don Hauk
|
0-0: Called Strike Hidesuke Yoshida is caught stealing 3rd base 2-5 0-1: Foul Ball, location: 2F 0-2: Strikes out looking
|
| Bottom of the 1st over - 0 runs, 2 hits, 0 errors, 1 left on base; Augusta 2 - West Virginia 0 |
| TOP OF THE 2ND |
|
Augusta GreenJackets batting - Pitching for West Virginia Power : RHP Eddie Aguirre
|
|
Batting: RHB Ruben Irizarry
|
0-0: Called Strike 0-1: Ball 1-1: Foul Ball, location: 2F 1-2: Ball 2-2: Strikes out swinging
|
|
Batting: SHB Zack Barton
|
0-0: Ball 1-0: Ball 2-0: Ground out 4-3 (Groundball, 4, EV 108.1 MPH)
|
|
Batting: RHB Armando Ramirez
|
0-0: Called Strike 0-1: Ball 1-1: Ground out 6-3 (Groundball, 6M, EV 88.1 MPH)
|
| Top of the 2nd over - 0 runs, 0 hits, 0 errors, 0 left on base; Augusta 2 - West Virginia 0 |
| BOTTOM OF THE 2ND |
|
West Virginia Power batting - Pitching for Augusta GreenJackets : LHP Kevin Drew
|
|
Batting: RHB Chris Arroyo
|
0-0: Called Strike 0-1: Called Strike 0-2: Strikes out swinging
|
|
Batting: LHB Norm Silveira-Wray
|
0-0: Ball 1-0: Swinging Strike 1-1: Called Strike 1-2: SINGLE (Groundball, 34D, EV 102.5 MPH)
|
|
Batting: RHB Edwardo Tanchez
|
0-0: Ball Norm Silveira-Wray steals 2nd base 1-0: Ball 2-0: Ball 3-0: Called Strike 3-1: Called Strike 3-2: Ground out U3 (Groundball, 34, EV 106.2 MPH) Norm Silveira-Wray to third
|
|
Batting: SHB Nathan Clement
|
0-0: Ball 1-0: Ball 2-0: Foul Ball, location: 2F 2-1: Foul Ball, location: 2F 2-2: Strikes out swinging
|
| Bottom of the 2nd over - 0 runs, 1 hit, 0 errors, 1 left on base; Augusta 2 - West Virginia 0 |
| TOP OF THE 3RD |
|
Augusta GreenJackets batting - Pitching for West Virginia Power : RHP Eddie Aguirre
|
|
Batting: LHB Oscar Tamayo
|
0-0: Ball 1-0: Foul Ball, location: 2F 1-1: Fly out, F4 (Popup, 34, EV 61.2 MPH)
|
|
Batting: SHB Louie Horne
|
0-0: Foul Ball, location: 2F 0-1: Swinging Strike 0-2: Ball 1-2: Fly out, F9 (Flyball, 9, EV 88.1 MPH)
|
|
Batting: LHB Bruce Arvizu
|
0-0: SOLO HOME RUN (Flyball, 89XD, EV 98.8 MPH), Distance : 392 ft
|
|
Batting: RHB Antonio Lara
|
0-0: Called Strike 0-1: Called Strike 0-2: Foul Ball, location: 2F 0-2: Strikes out swinging
|
| Top of the 3rd over - 1 run, 1 hit, 0 errors, 0 left on base; Augusta 3 - West Virginia 0 |
| BOTTOM OF THE 3RD |
|
West Virginia Power batting - Pitching for Augusta GreenJackets : LHP Kevin Drew
|
|
Batting: RHB Hugo Montemayor
|
0-0: Ground out 2-3 (Groundball, 15S, EV 70.6 MPH)
|
|
Batting: RHB Alex Arzate
|
0-0: Called Strike 0-1: Ground out 5-3 (Groundball, 56, EV 80.6 MPH)
|
|
Batting: RHB Hidesuke Yoshida
|
0-0: Called Strike 0-1: Reached on error, E5 (Groundball, 5, EV 105.6 MPH)
|
|
Batting: RHB Rusty Trader
|
0-0: Called Strike Hidesuke Yoshida steals 2nd, throwing error, E2 Hidesuke Yoshida to third 0-1: Swinging Strike 0-2: Fly out, F8 (Flyball, 78D, EV 83.8 MPH)
|
| Bottom of the 3rd over - 0 runs, 0 hits, 2 errors, 1 left on base; Augusta 3 - West Virginia 0 |
| TOP OF THE 4TH |
|
Augusta GreenJackets batting - Pitching for West Virginia Power : RHP Eddie Aguirre
|
|
Batting: LHB Gil Caraveo
|
0-0: Swinging Strike 0-1: Ball 1-1: SOLO HOME RUN (Line Drive, 89XD, EV 97.5 MPH), Distance : 392 ft
|
|
Batting: RHB Gary Sampson
|
0-0: Foul Ball, location: 2F 0-1: Ball 1-1: Foul Ball, location: 2F 1-2: Foul Ball, location: 2F 1-2: Ball 2-2: Ball 3-2: Ground out 4-3 (Groundball, 4, EV 81.9 MPH)
|
|
Batting: RHB Ruben Irizarry
|
0-0: Ground out 4-3 (Groundball, 4MD, EV 89.4 MPH)
|
|
Batting: SHB Zack Barton
|
0-0: Called Strike 0-1: Ball 1-1: Swinging Strike 1-2: Ball 2-2: Ground out 6-3 (Groundball, 6, EV 85.0 MPH)
|
| Top of the 4th over - 1 run, 1 hit, 0 errors, 0 left on base; Augusta 4 - West Virginia 0 |
| BOTTOM OF THE 4TH |
|
West Virginia Power batting - Pitching for Augusta GreenJackets : LHP Kevin Drew
|
|
Batting: SHB Don Hauk
|
0-0: Hit by Pitch
|
|
Batting: RHB Chris Arroyo
|
0-0: Called Strike 0-1: Foul Ball, location: 2F 0-2: Fly out, F8 (Line Drive, 8RD, EV 93.1 MPH)
|
|
Batting: LHB Norm Silveira-Wray
|
0-0: Ball 1-0: Called Strike Don Hauk is caught stealing 2nd base 2-6 1-1: Ball 2-1: Called Strike 2-2: Strikes out swinging
|
| Bottom of the 4th over - 0 runs, 0 hits, 0 errors, 0 left on base; Augusta 4 - West Virginia 0 |
| TOP OF THE 5TH |
|
Augusta GreenJackets batting - Pitching for West Virginia Power : RHP Eddie Aguirre
|
|
Batting: RHB Armando Ramirez
|
0-0: SINGLE (Line Drive, 56D, EV 96.9 MPH)
|
|
Batting: LHB Oscar Tamayo
|
0-0: Foul Ball, location: 2F 0-1: Called Strike 0-2: Foul Ball, location: 2F 0-2: Ball 1-2: Ball 2-2: Strikes out looking
|
|
Batting: SHB Louie Horne
|
0-0: Called Strike 0-1: Ball 1-1: Ball Armando Ramirez steals 2nd base 2-1: Ball 3-1: Base on Balls
|
|
Batting: LHB Bruce Arvizu
|
0-0: Ball 1-0: Called Strike 1-1: Called Strike 1-2: Fly out, F6 (Popup, 4M, EV 56.2 MPH)
|
|
Batting: RHB Antonio Lara
|
0-0: Fielders Choice at 2nd, 5-4 (Groundball, 5L, EV 78.1 MPH)
|
| Top of the 5th over - 0 runs, 1 hit, 0 errors, 2 left on base; Augusta 4 - West Virginia 0 |
| BOTTOM OF THE 5TH |
|
West Virginia Power batting - Pitching for Augusta GreenJackets : LHP Kevin Drew
|
|
Batting: RHB Edwardo Tanchez
|
0-0: Foul Ball, location: 2F 0-1: Ball 1-1: Ball 2-1: Foul Ball, location: 2F 2-2: Ground out 4-3 (Groundball, 4, EV 85.6 MPH)
|
|
Batting: SHB Nathan Clement
|
0-0: Ball 1-0: Ball 2-0: Ball 3-0: Called Strike 3-1: DOUBLE (Line Drive, 78D, EV 102.5 MPH)
|
|
Batting: RHB Hugo Montemayor
|
0-0: Called Strike Nathan Clement is caught stealing 3rd base 2-5 0-1: Ground out 6-3 (Groundball, 6M, EV 83.8 MPH)
|
| Bottom of the 5th over - 0 runs, 1 hit, 0 errors, 0 left on base; Augusta 4 - West Virginia 0 |
| TOP OF THE 6TH |
|
Augusta GreenJackets batting - Pitching for West Virginia Power : RHP Eddie Aguirre
|
|
Batting: LHB Gil Caraveo
|
0-0: Called Strike 0-1: Ball 1-1: Ball 2-1: Ball 3-1: Fly out, F9 (Flyball, 9, EV 89.4 MPH)
|
|
Pitching: RHP Ian Ferrara
|
|
|
Batting: RHB Gary Sampson
|
0-0: Called Strike 0-1: Ball 1-1: Foul Ball, location: 2F 1-2: Strikes out swinging
|
|
Batting: RHB Ruben Irizarry
|
0-0: Called Strike 0-1: Swinging Strike 0-2: Ball 1-2: Foul Ball, location: 2F 1-2: Strikes out swinging
|
| Top of the 6th over - 0 runs, 0 hits, 0 errors, 0 left on base; Augusta 4 - West Virginia 0 |
| BOTTOM OF THE 6TH |
|
West Virginia Power batting - Pitching for Augusta GreenJackets : LHP Kevin Drew
|
|
Batting: RHB Alex Arzate
|
0-0: Ball 1-0: Ball 2-0: Foul Ball, location: 2F 2-1: Ball 3-1: Ground out 2-3 (Groundball, 15S, EV 68.8 MPH)
|
|
Batting: RHB Hidesuke Yoshida
|
0-0: Ball 1-0: Ball 2-0: Called Strike 2-1: Fly out, F9 (Line Drive, 9, EV 96.2 MPH)
|
|
Batting: RHB Rusty Trader
|
0-0: Ball 1-0: Ball 2-0: DOUBLE (Flyball, 8RXD, EV 101.2 MPH) - OUT at third base trying to stretch hit.
|
| Bottom of the 6th over - 0 runs, 1 hit, 0 errors, 0 left on base; Augusta 4 - West Virginia 0 |
| TOP OF THE 7TH |
|
Augusta GreenJackets batting - Pitching for West Virginia Power : RHP Ian Ferrara
|
|
Pitching: LHP Adam Clarke
|
|
|
Batting: SHB Zack Barton
|
0-0: Called Strike 0-1: Foul Ball, location: 2F 0-2: Ground out 6-3 (Groundball, 6, EV 96.9 MPH)
|
|
Batting: RHB Armando Ramirez
|
0-0: Ball 1-0: Called Strike 1-1: Ball 2-1: Ball 3-1: Called Strike 3-2: Foul Ball, location: 2F 3-2: Foul Ball, location: 2F 3-2: SINGLE (Groundball, 6MD, EV 105.0 MPH)
|
|
Batting: LHB Oscar Tamayo
|
0-0: Ball Armando Ramirez is caught stealing 2nd base 2-6 1-0: Ball 2-0: Foul Ball, location: 2F 2-1: Swinging Strike 2-2: Ball 3-2: DOUBLE (Groundball, 3L, EV 104.4 MPH)
|
|
Batting: SHB Louie Horne
|
0-0: Ball 1-0: Called Strike 1-1: Fly out, F8 (Line Drive, 89M, EV 111.9 MPH)
|
| Top of the 7th over - 0 runs, 2 hits, 0 errors, 1 left on base; Augusta 4 - West Virginia 0 |
| BOTTOM OF THE 7TH |
|
West Virginia Power batting - Pitching for Augusta GreenJackets : LHP Kevin Drew
|
|
Batting: SHB Don Hauk
|
0-0: Foul Ball, location: 2F 0-1: Foul Ball, location: 2F 0-2: Ball 1-2: Foul Ball, location: 2F 1-2: Ball 2-2: DOUBLE (Groundball, 5L, EV 101.9 MPH)
|
|
Batting: RHB Chris Arroyo
|
0-0: SINGLE (Flyball, 34D, EV 86.2 MPH) - OUT at second base trying to stretch hit. Don Hauk scores
|
|
Batting: LHB Norm Silveira-Wray
|
0-0: Ball 1-0: Foul Ball, location: 2F 1-1: Ball 2-1: Ball 3-1: Called Strike 3-2: Strikes out swinging
|
|
Batting: RHB Edwardo Tanchez
|
0-0: Swinging Strike 0-1: Called Strike 0-2: Ball 1-2: Ball 2-2: Foul Ball, location: 2F 2-2: Ball 3-2: Foul Ball, location: 2F 3-2: Strikes out looking
|
| Bottom of the 7th over - 1 run, 2 hits, 0 errors, 0 left on base; Augusta 4 - West Virginia 1 |
| TOP OF THE 8TH |
|
Augusta GreenJackets batting - Pitching for West Virginia Power : LHP Adam Clarke
|
|
Batting: LHB Bruce Arvizu
|
0-0: Ball 1-0: Ground out 4-3 (Groundball, 4, EV 75.6 MPH)
|
|
Batting: RHB Antonio Lara
|
0-0: Ball 1-0: Ball 2-0: Foul Ball, location: 2F 2-1: SINGLE (Groundball, 56D, EV 108.1 MPH)
|
|
Batting: LHB Gil Caraveo
|
0-0: Ground out 6-3 (Groundball, 6S, EV 67.5 MPH) Antonio Lara to second
|
|
Batting: RHB Gary Sampson
|
0-0: Ball 1-0: Swinging Strike 1-1: Swinging Strike 1-2: Foul Ball, location: 2F 1-2: Foul Ball, location: 2F 1-2: SINGLE (Groundball, 56D, EV 96.9 MPH) Antonio Lara to third Runner from 3rd tries for Home, SAFE, throw by LF to home
|
|
Batting: RHB Ruben Irizarry
|
0-0: Called Strike 0-1: Ball Gary Sampson steals 2nd, throwing error, E2 Gary Sampson to third 1-1: Foul Ball, location: 2F 1-2: Foul Ball, location: 2F 1-2: Foul Ball, location: 2F 1-2: Ball 2-2: SINGLE (Groundball, 56D, EV 101.9 MPH) Gary Sampson scores
|
|
Pitching: RHP Onne Stubbe
|
|
|
Batting: SHB Zack Barton
|
0-0: Swinging Strike 0-1: Ball 1-1: Ball 2-1: Ball 3-1: Foul Ball, location: 2F 3-2: Base on Balls Ruben Irizarry to second
|
|
Batting: RHB Armando Ramirez
|
0-0: Ball 1-0: Called Strike 1-1: Single, Error in OF, E9, batter to second base (Line Drive, 34, EV 94.4 MPH) Ruben Irizarry scores Zack Barton to third
|
|
Batting: LHB Oscar Tamayo
|
0-0: Foul Ball, location: 2F 0-1: Ball 1-1: Swinging Strike 1-2: Strikes out swinging
|
| Top of the 8th over - 3 runs, 4 hits, 2 errors, 2 left on base; Augusta 7 - West Virginia 1 |
| BOTTOM OF THE 8TH |
|
West Virginia Power batting - Pitching for Augusta GreenJackets : LHP Kevin Drew
|
|
Batting: SHB Nathan Clement
|
0-0: Called Strike 0-1: Ball 1-1: Called Strike 1-2: Ball 2-2: Strikes out swinging
|
|
Pitching: LHP Willis Escobedo
|
|
|
Batting: RHB Hugo Montemayor
|
0-0: Called Strike 0-1: Ball 1-1: Ball 2-1: Swinging Strike 2-2: Strikes out swinging
|
|
Batting: RHB Alex Arzate
|
0-0: Ball 1-0: Ball 2-0: Called Strike 2-1: Ball 3-1: Base on Balls
|
|
Batting: RHB Hidesuke Yoshida
|
0-0: Called Strike 0-1: Ball 1-1: Foul Ball, location: 2F 1-2: Ball 2-2: Ball 3-2: Strikes out swinging
|
| Bottom of the 8th over - 0 runs, 0 hits, 0 errors, 1 left on base; Augusta 7 - West Virginia 1 |
| TOP OF THE 9TH |
|
Augusta GreenJackets batting - Pitching for West Virginia Power : RHP Onne Stubbe
|
|
Batting: SHB Louie Horne
|
0-0: Called Strike 0-1: Ball 1-1: Foul Ball, location: 2F 1-2: Ground out 4-3 (Groundball, 34D, EV 99.4 MPH)
|
|
Batting: LHB Bruce Arvizu
|
0-0: Called Strike 0-1: Swinging Strike 0-2: Ball 1-2: Foul Ball, location: 2F 1-2: Foul Ball, location: 2F 1-2: Ball 2-2: Foul Ball, location: 2F 2-2: Foul Ball, location: 2F 2-2: Ball 3-2: Fly out, F7 (Line Drive, 7S, EV 94.4 MPH)
|
|
Batting: RHB Antonio Lara
|
0-0: Called Strike 0-1: Foul Ball, location: 2F 0-2: Strikes out swinging
|
| Top of the 9th over - 0 runs, 0 hits, 0 errors, 0 left on base; Augusta 7 - West Virginia 1 |
| BOTTOM OF THE 9TH |
|
West Virginia Power batting - Pitching for Augusta GreenJackets : LHP Willis Escobedo
|
|
Batting: RHB Rusty Trader
|
0-0: Foul Ball, location: 2F 0-1: Ball 1-1: TRIPLE (Groundball, 3L, EV 108.8 MPH)
|
|
Batting: SHB Don Hauk
|
0-0: Ball 1-0: Ball 2-0: Fly out, F8 (Line Drive, 8LD, EV 105.0 MPH) Runner from 3rd tags up, SCORES, no throw by CF
|
|
Batting: RHB Chris Arroyo
|
0-0: Ball 1-0: Ball 2-0: Foul Ball, location: 2F 2-1: Called Strike 2-2: Foul Ball, location: 2F 2-2: Fly out, F6 (Flyball, 56D, EV 88.1 MPH)
|
|
Batting: LHB Norm Silveira-Wray
|
0-0: Foul Ball, location: 2F 0-1: Ground out 4-3 (Groundball, 4S, EV 67.5 MPH)
|
| Bottom of the 9th over - 1 run, 1 hit, 0 errors, 0 left on base; Augusta 7 - West Virginia 2 |
|